 Dungeon Crawl Stone Soup version 0.22-a0-447-gee5f723 (webtiles) character file.

65 Megalobster the Chopper (level 3, -4/29 HPs)
             Began as a Demonspawn Chaos Knight on June 3, 2018.
             Slain by Eptagon's ghost (7 damage)
             ... on level 3 of the Dungeon.
             The game lasted 00:06:44 (2632 turns).

Megalobster the Chopper (Demonspawn Chaos Knight)   Turns: 2632, Time: 00:06:44

Health: -4/29      AC:  7    Str: 15    XL:     3   Next: 94%
Magic:  3/3        EV:  9    Int: 13    God:    Xom [....*.]
Gold:   67         SH:  0    Dex: 12    Spells: 2/2 levels left

rFire    . . .     SeeInvis +   a - +0 hand axe (chaos)
rCold    . . .     Gourm    .   (no shield)
rNeg     . . .     Faith    .   l - +0 scale mail
rPois    .         Spirit   .   (no helmet)
rElec    .         Reflect  .   (no cloak)
rCorr    +         Harm     .   p - +0 pair of gloves
MR       .....                  (no boots)
Stlth    ++........             (no amulet)
HPRegen  0.09/turn              h - ring of see invisible
MPRegen  0.08/turn              u - ring of resist corrosion

@: very heavily drained
A: blink, high mp 1, nightstalker 2, screaming 1, strong 1
a: Blink, Renounce Religion


You were on level 3 of the Dungeon.
You worshipped Xom.
You were a beloved toy of Xom.
You were not hungry.

You visited 1 branch of the dungeon, and saw 3 of its levels.

You collected 67 gold pieces.

Inventory:

Hand Weapons
 a - a +0 hand axe of chaos (weapon)
 e - a +0 battleaxe
 f - a +0 hunting sling
 k - a +0 halberd of venom
 s - a +2 spear of venom
Missiles
 j - 63 stones (quivered)
 v - 20 sling bullets
Armour
 b - a +2 leather armour
 l - a +0 scale mail (worn)
 m - a +0 chain mail
 p - a +0 pair of gloves (worn)
 q - a +0 ring mail
Jewellery
 h - a ring of see invisible (left hand)
 u - a ring of resist corrosion (right hand)
Scrolls
 d - a scroll of teleportation {unknown}
 g - a scroll of amnesia
 i - 2 scrolls of remove curse {@r2}
 n - a scroll of fog {unknown}
 r - 4 scrolls of identify {unknown}
 w - a scroll of enchant weapon {unknown}
Comestibles
 c - 2 rations


   Skills:
 + Level 3.2(0.0) Fighting
 * Level 3.7(0.0) Axes
 + Level 2.4(0.0) Armour
 + Level 1.3(0.0) Dodging


You had 2 spell levels left.
You didn't know any spells.
Your spell library was empty.

Dungeon Overview and Level Annotations

Branches:
Dungeon (3/15)

Altars:
Okawaru

Annotations:
D:3 Eptagon's ghost, amateur CeHu


Innate Abilities, Weirdness & Mutations

You are significantly more attuned to the shadows.
You can translocate small distances at will.
You have an increased reservoir of magic. (+10% MP)
You occasionally shout uncontrollably at your foes.
Your muscles are strong. (Str +2)


Message History

Eptagon's ghost barely misses you.
You barely miss Eptagon's ghost.
Eptagon's ghost is severely damaged.
Eptagon's ghost barely misses you. Eptagon's ghost hits you.
* * * LOW HITPOINT WARNING * * *
You feel drained.
You take 1 damage, and have 3/29 hp.
You hit Eptagon's ghost.
Eptagon's ghost is almost destroyed.
Eptagon's ghost hits you but does no damage.
You feel drained.
You barely miss Eptagon's ghost.
Eptagon's ghost is almost destroyed.
Eptagon's ghost hits you but does no damage.
You feel drained.
You hit Eptagon's ghost but do no damage.
Eptagon's ghost flickers and vanishes for a moment.
Eptagon's ghost is almost destroyed.
Eptagon's ghost hits you!
You die...

#....#.#.#.#.####
#......#...#.#
####...#..##.#
..........##.#
.............#
..........####
..........###
....#.#W....#
....#..@#.###
....#.....#
..#.....###
..'(.((.'.#
..#.....###
#..(.(..#
#....().####
###.)..)....
#.........


You could see Eptagon's ghost (invisible).

Vanquished Creatures
  An adder (D:2)
  A gnoll (D:1)
  2 dart slugs
  A leopard gecko (D:1)
  A ball python (D:2)
  2 giant cockroaches (D:2)
  6 goblins
  4 hobgoblins
  3 jackals (D:1)
  5 kobolds
  A quokka (D:2)
  6 bats
  2 frilled lizards (D:2)
  3 rats
38 creatures vanquished.

Vanquished Creatures (collateral kills)
  A bush (D:1)
1 creature vanquished.

Grand Total: 39 creatures vanquished

Notes
Turn   | Place    | Note
-------+----------+-------------------------------------------
     0 | D:1      | Megalobster the Demonspawn Chaos Knight began the quest for the Orb.
     0 | D:1      | Reached XP level 1. HP: 18/18 MP: 1/1
   220 | D:1      | XOM: god gift: battleaxe {god gift}
   368 | D:1      | Gained mutation: You are slightly more attuned to the shadows. [demonic ancestry]
   368 | D:1      | Reached XP level 2. HP: 23/24 MP: 2/2
   929 | D:1      | XOM: draining
  1035 | D:1      | Reached skill level 1 in Dodging
  1125 | D:1      | XOM: give mutations
  1125 | D:1      | Gained mutation: You are dopey. (Int -2) [Xom's mischief]
  1125 | D:1      | Gained mutation: You occasionally shout uncontrollably at your foes. [Xom's mischief]
  1488 | D:2      | Gained mutation: You are significantly more attuned to the shadows. [demonic ancestry]
  1488 | D:2      | Reached XP level 3. HP: 29/29 MP: 3/3
  1524 | D:2      | XOM: divination: detect creatures
  1603 | D:2      | Found an iron altar of Okawaru.
  1883 | D:2      | XOM: divination: detect creatures
  1971 | D:2      | XOM: polymorph goblin -> rat
  2012 | D:2      | XOM: give mutations
  2012 | D:2      | Gained mutation: Your muscles are strong. (Str +2) [Xom's grace]
  2012 | D:2      | Gained mutation: You can translocate small distances at will. [Xom's grace]
  2012 | D:2      | Gained mutation: You have an increased reservoir of magic. (+10% MP) [Xom's grace]
  2012 | D:2      | Lost mutation: You are dopey. (Int -2) [Xom's grace]
  2105 | D:2      | XOM: smoke on damage
  2269 | D:3      | XOM: scenery: 2 doors open
  2610 | D:3      | Noticed Eptagon's ghost (amateur CeHu)
  2632 | D:3      | Slain by Eptagon's ghost

Vault maps used:
D:1:      mrwooster_arrival_statue_2, serial_forest, infiniplex_forest_lined_3,
          infiniplex_forest_clump_small, infiniplex_forest_lined_2,
          infiniplex_forest_corner_1, infiniplex_forest_lined_room_2,
          infiniplex_forest_clump_small, infiniplex_forest_lined_corner,
          infiniplex_forest_end_3, infiniplex_forest_clump_long,
          infiniplex_forest_clump_small, kennysheep_pointless_box
D:2:      okawaru_trees_1
D:3:      overflow_temple_1_default, kennysheep_orc_chapel

Skill      XL: |  1  2 |
---------------+-------+-----
Axes           | 3 |  3.7
Armour         | 2 |  2.4
Dodging        | 1 |  1.3
Fighting       | |  3.2

Action                   || total
-------------------------++-------
Melee: Hand axe          ||   133
  Use: Scroll            ||     2
       Potion            ||     1
 Stab: Paralysed         ||     1
       Sleeping          ||     3
  Eat: Ration            ||     2
       Chunk             ||     1
Armor: Leather armour    ||    17
       Scale mail        ||    43
Dodge: Dodged            ||    83

Table legend:
 A = Spawn XP
 B = Non-spawn XP
 C = Spawn XP percentage of total XP
 D = Spawn monster count
 E = Non-spawn monster count
 F = Spawn count percentage of total count
 G = Total turns spent on level
                    A         B        C        D         E        F      G
               +---------+---------+-------+---------+---------+-------+---------
         Total |       0 |      94 |   0.0 |       0 |      38 |   0.0 |  2632
               +---------+---------+-------+---------+---------+-------+---------
           D:1 |       0 |      39 |   0.0 |       0 |      15 |   0.0 |  1440
           D:2 |       0 |      43 |   0.0 |       0 |      17 |   0.0 |   774
           D:3 |       0 |      12 |   0.0 |       0 |       6 |   0.0 |   418
               +---------+---------+-------+---------+---------+-------+---------
